 Dungeon Crawl Stone Soup version 0.30-b1-2-g02819fbbbe (webtiles) character file.

Game seed: 16556264315081663624

765 LLlMATKO the Trooper (level 7, -13/63 HPs)
             Began as a Minotaur Berserker on July 24, 2023.
             Was a Priest of Trog.
             Killed by an exploding butterfly (31 damage)
             ... ignited by their inner flame
             ... on level 6 of the Dungeon.
             The game lasted 00:03:42 (5812 turns).

LLlMATKO the Trooper (Minotaur Berserker)           Turns: 5812, Time: 00:03:43

Health: -13/63     AC:  8    Str: 23    XL:     7   Next: 51%
Magic:  6/6        EV: 12    Int:  4    God:    Trog [***...]
Gold:   253        SH:  0    Dex: 10    Spells: 6/6 levels left

rFire   . . .        d - +5 hand axe
rCold   . . .        (no shield)
rNeg    . . .        s - +0 ring mail
rPois   .            (helmet restricted)
rElec   .            (no cloak)
rCorr   .            (no gloves)
SInv    .            q - +1 pair of boots
Will    .....        (no amulet) Stlth
                     (no ring)
HPRegen 0.30/turn    (no ring)
MPRegen 0.10/turn

%: no passive effects
@: weak-willed
A: horns 2, retaliatory headbutt
a: Renounce Religion, Berserk, Trog's Hand


You were on level 6 of the Dungeon.
You worshipped Trog.
Trog was most pleased with you.
You visited 1 branch of the dungeon, and saw 6 of its levels.

You collected 253 gold pieces.

Inventory:

Hand Weapons
 d - a +5 hand axe (weapon)
 n - a +0 whip of electrocution
Missiles
 a - 11 poisoned darts (quivered)
Armour
 q - a +1 pair of boots (worn)
 s - a +0 ring mail (worn)
Jewellery
 r - a +6 ring of dexterity
Wands
 u - a wand of flame (16)
Scrolls
 f - 3 scrolls of teleportation
 g - a scroll of noise
 i - 2 scrolls of immolation
 p - a scroll of enchant weapon
Potions
 b - 2 potions of haste {unknown}
 j - 3 potions of might
 k - a potion of magic {unknown}
 o - 4 potions of curing {unknown}
 v - a potion of invisibility {unknown}
 w - a potion of heal wounds {unknown}


   Skills:
 + Level 6.2 Fighting
 + Level 6.1 Axes
 + Level 5.5 Armour
 + Level 5.0 Dodging


You had 6 spell levels left.
You didn't know any spells.
Your spell library was empty.

Dungeon Overview and Level Annotations

Branches:
Dungeon (6/15)             Temple (0/1) D:5

Altars:
Fedhas
Kikubaaqudgha
Makhleb
Nemelex Xobeh
Trog
Vehumet
Xom
Yredelemnul
Zin
The Shining One

Shops:
D:3 [


Innate Abilities, Weirdness & Mutations

You have a pair of horns on your head.
You reflexively headbutt those who attack you in melee.


Message History

The air fills with toxic fumes!
As you read the scroll labelled ZYMOGO PEPSEK, it crumbles to dust.
It was a scroll of poison.
Your butterfly is engulfed in poison gas.
Your butterfly is poisoned.
Your butterfly disappears in a burst of colours!
Your butterfly explodes!
The fiery explosion engulfs your butterfly!!
Your butterfly disappears in a burst of colours!
Your butterfly explodes!
The fiery explosion engulfs your butterfly!!
Your butterfly disappears in a burst of colours!
The fiery explosion engulfs your butterfly!!
Your butterfly disappears in a burst of colours!
The fiery explosion engulfs your butterfly!!
Your butterfly disappears in a burst of colours!
Your butterfly explodes!
The fiery explosion engulfs your butterfly!!
Your butterfly disappears in a burst of colours!
The fiery explosion engulfs your butterfly!
Your butterfly disappears in a burst of colours!
Your butterfly explodes!
The fiery explosion engulfs your butterfly!!
Your butterfly disappears in a burst of colours!
The fiery explosion engulfs your butterfly!!
Your butterfly disappears in a burst of colours!
Your butterfly explodes!
The fiery explosion engulfs you!!
The fiery explosion engulfs your butterfly!!
Your butterfly disappears in a burst of colours!
Your butterfly explodes!
The fiery explosion engulfs your butterfly!!
Your butterfly disappears in a burst of colours!
The fiery explosion engulfs you!!
* * * LOW HITPOINT WARNING * * *
Your butterfly explodes!
The fiery explosion engulfs your butterfly!!
Your butterfly disappears in a burst of colours!
The fiery explosion engulfs you!!
You die...

####
#§.
#§##
#@§#
#§§#
#§§#
#§§#
#§§#
§§§§
bb##
§§§


There were no monsters in sight!

Vanquished Creatures
  2 ogres
  2 scorpions (D:4)
  4 hounds
  A sleepcap (D:5)
  3 iguanas (D:5)
  An orc wizard (D:4)
  Robin (D:2)
  4 gnolls
  6 adders
  3 dart slugs
  10 orcs
  8 bats
  7 endoplasms
  5 giant cockroaches
  16 goblins
  5 hobgoblins
  4 jackals (D:5)
  14 kobolds
  4 quokkas
  6 ball pythons
  5 frilled lizards
  24 rats
135 creatures vanquished.

Notes
Turn   | Place    | Note
-------+----------+-------------------------------------------
     0 | D:1      | LLlMATKO the Minotaur Berserker began the quest for the
                  | Orb.
     0 | D:1      | Reached XP level 1. HP: 19/19 MP: 0/0
   225 | D:1      | Reached XP level 2. HP: 12/27 MP: 1/1
   533 | D:1      | Reached XP level 3. HP: 32/33 MP: 2/2
   679 | D:1      | Reached ** piety under Trog
  1447 | D:2      | Reached XP level 4. HP: 36/41 MP: 3/3
  1732 | D:2      | Noticed Robin
  1736 | D:2      | Killed Robin
  1741 | D:2      | Reached XP level 5. HP: 40/47 MP: 4/4
  2018 | D:2      | You fall into a shaft and drop 2 floors!
  2019 | D:4      | Noticed an ogre
  2026 | D:4      | Killed an ogre
  2027 | D:4      | Reached skill level 5 in Fighting
  2027 | D:4      | Reached skill level 5 in Axes
  2140 | D:4      | Reached XP level 6. HP: 33/56 MP: 5/5
  2414 | D:3      | Found a bloodstained altar of Trog.
  2415 | D:3      | Found a glowing silver altar of Zin.
  2416 | D:3      | Found a sparkling altar of Nemelex Xobeh.
  2417 | D:3      | Found a blossoming altar of Fedhas.
  2466 | D:3      | Found an ancient bone altar of Kikubaaqudgha.
  3864 | D:3      | Reached *** piety under Trog
  4133 | D:3      | Found Maveblel's Antique Armour Shop.
  4637 | D:4      | Found a glowing golden altar of the Shining One.
  5013 | D:5      | Entered Level 5 of the Dungeon
  5020 | D:5      | Reached skill level 5 in Armour
  5063 | D:5      | Reached XP level 7. HP: 62/62 MP: 6/6
  5128 | D:5      | Found a radiant altar of Vehumet.
  5438 | D:5      | Found a staircase to the Ecumenical Temple.
  5532 | D:5      | Identified the +3 leather armour "Cijec" {Int+5}
  5717 | D:5      | Found a shimmering altar of Xom.
  5720 | D:5      | Found a hazy altar of Hepliaklqana.
  5720 | D:5      | Found a shimmering altar of Xom.
  5728 | D:5      | Reached skill level 5 in Dodging
  5761 | D:5      | Found a basalt altar of Yredelemnul.
  5761 | D:5      | Found a burning altar of Makhleb.
  5761 | D:5      | Found a glowing silver altar of Zin.
  5812 | D:6      | Killed by an exploding butterfly... ignited by their inner
                  | flame

Illustrated notes

Levels and vault maps discovered:
D:1:      lemuel_arrival_tunnels, layout_basic, fountainhead
D:2:      layout_basic, kennysheep_another_room, minivault_25, uniq_robin
D:3:      layout_loops_ring, general_overflow_altar,
          chequers_temple_overflow_statue_of_worship, serial_shops,
          nicolae_shop_tiny_glass, minmay_rat_hole
D:4:      layout_basic, mainiacjoe_overflow_24_doors
D:5:      layout_loops_ring, vehumet_altar_wand_db, doesnt_xom_only_xom,
          temple_fountains
D:6:      layout_basic, mainiacjoe_overflow_boulevard,
          nicolae_overflow_hidden_temple, lightli_ossuary_entry_decrepit_ruins,
          uniq_menkaure

Skill      XL: |  1  2  3  4  5  6  7 |
---------------+----------------------+-----
Axes           | 4 5 6 |  6.1
Fighting       | 4 5 6 |  6.2
Armour         | 3 4 5 |  5.5
Dodging        | 3 4 5 |  5.0

Action                     |  1- 3 |  4- 6 |  7- 9 || total
---------------------------+-------+-------+-------++-------
  Melee: Hand axe          |    61 |   131 |    43 ||   235
         Headbutt          |     4 |    14 |     7 ||    25
         Punch             |     1 |     2 |     1 ||     4
 Invoke: Berserk           |     1 |     2 |       ||     3
    Use: Scroll            |       |       |    10 ||    10
   Stab: Sleeping          |       |     1 |       ||     1
 Armour: Animal skin       |    12 |    13 |       ||    25
         Ring mail         |       |     4 |    11 ||    15
  Dodge: Dodged            |    37 |    74 |    22 ||   133
